 Dungeon Crawl Stone Soup version 0.24-a0-537-g2d01d4ab0a (webtiles) character file.

Game seed: 7474718573167901322

7 Deserved the Magician (level 1, 0/13 HPs)
             Began as a Demonspawn Wizard on Aug 12, 2019.
             Slain by a hobgoblin (4 damage)
             ... on level 1 of the Dungeon.
             The game lasted 00:01:07 (231 turns).

Deserved the Magician (Demonspawn Wizard)            Turns: 231, Time: 00:01:08

Health: 0/13       AC:  2    Str:  7    XL:     1   Next: 91%
Magic:  1/4        EV: 12    Int: 19    God:
Gold:   16         SH:  0    Dex: 11    Spells: 5/6 levels left

rFire    . . .     SeeInvis .   f - +0 dagger
rCold    . . .     Gourm    .   (no shield)
rNeg     . . .     Faith    .   a - +0 robe
rPois    .         Spirit   .   b - +0 hat
rElec    .         Reflect  .   (no cloak)
rCorr    .         Harm     .   (no gloves)
MR       .....     Rnd*Tele +   (no boots)
Stlth    ++........             (no amulet)
HPRegen  0.04/turn              e - ring of teleportation (curse)
MPRegen  0.09/turn              (no ring)

@: no status effects
A: no striking features
a: no special abilities


You were on level 1 of the Dungeon.
You were not hungry.

You visited 1 branch of the dungeon, and saw 1 of its levels.

You collected 16 gold pieces.

Inventory:

Hand Weapons
 f - a +0 dagger (weapon)
Armour
 a - a +0 robe (worn)
 b - a +0 hat (worn)
Jewellery
 e - a cursed ring of teleportation (left hand)
Potions
 c - 2 potions of brilliance {unknown}
Comestibles
 d - 2 rations


   Skills:
 - Level 1.7 Dodging
 - Level 1.7 Stealth
 - Level 3.0 Spellcasting
 + Level 2.0 Conjurations
   Level 1.0 Summonings
   Level 0.8 Translocations


You had 5 spell levels left.
You knew the following spells:

 Your Spells              Type           Power        Failure   Level  Hunger
a - Magic Dart            Conj           ##..         7%          1    None

Your spell library contained the following spells:

 Spells                   Type           Power        Failure   Level  Hunger
 Blink                    Tloc           N/A          16%         2    ##.....
 Call Imp                 Summ           #.......     16%         2    ##.....
 Slow                     Hex            #.......     22%         2    ##.....
 Conjure Flame            Conj/Fire      #.......     30%         3    ###....
 Mephitic Cloud           Conj/Pois/Air  #.......     34%         3    ###....


Dungeon Overview and Level Annotations

Branches:
Dungeon (1/15)

Altars:


Message History

You hit the hobgoblin.
The hobgoblin is moderately wounded.
You hit the hobgoblin but do no damage.
The hobgoblin is moderately wounded.
The hobgoblin hits you.
You hit the hobgoblin.
The hobgoblin is almost dead.
The bat barely misses you. The hobgoblin barely misses you.
Your magical contamination has completely faded away.
You barely miss the hobgoblin.
The hobgoblin is almost dead.
The bat hits you but does no damage. The hobgoblin hits you.
You hit the hobgoblin but do no damage.
The hobgoblin is almost dead.
The bat hits you but does no damage.
The hobgoblin hits you but does no damage.
You hit the hobgoblin but do no damage.
The hobgoblin is almost dead.
The bat hits you. The hobgoblin hits you.
You die...

# # .#. #. ..#
#...#.# #.###.#.....
#.?.##.##.#
#$g$#..##.#
#b?@##.##.#
#.###.#.##.#
##..##.##..##.#
.........†.....#####
.##%###...####.....#
####.# #.....#
.###.....##
......PP..#
##..♣.PP..#


You could see a hobgoblin and a bat.

Vanquished Creatures
  A dart slug (D:1)
  A bat (D:1)
  A goblin (D:1)
  A kobold (D:1)
  A rat (D:1)
5 creatures vanquished.

Notes
Turn   | Place    | Note
-------+----------+-------------------------------------------
     0 | D:1      | Deserved the Demonspawn Wizard began the quest for the Orb.
     0 | D:1      | Reached XP level 1. HP: 13/13 MP: 4/4
   231 | D:1      | Slain by a hobgoblin

Levels and vault maps discovered:
D:1:      lightli_arrival_statuegarden, layout_loops_cross, serial_park_tiny_2,
          nrook_mini_vaults, minmay_heptomino_d4

Skill      XL: |  1 |
---------------+----+-----
Conjurations   | 2 |  2.0
Dodging        | |  1.7
Stealth        | |  1.7
Spellcasting   | |  3.0
Summonings     | |  1.0
Translocations | |  0.8

Action                   || total
-------------------------++-------
Melee: Dagger            ||     6
       Unarmed           ||     1
 Cast: Magic Dart        ||    17
Armor: Robe              ||     3
Dodge: Dodged            ||     4

Table legend:
 A = Non-vault XP
 B = Vault XP
 C = Vault XP percentage of total XP
 D = Non-vault monster count
 E = Vault monster count
 F = Vault count percentage of total count
                 A         B        C        D         E       F
            +---------+---------+-------+---------+---------+-------
      Total |       9 |       2 |  18.2 |       4 |       1 |  20.0
            +---------+---------+-------+---------+---------+-------
        D:1 |       9 |       2 |  18.2 |       4 |       1 |  20.0
            +---------+---------+-------+---------+---------+-------
